SL
FT. WORTH CATTLEMEN @ CAPITAL DISTRICT RED KNIGHTS
09/16/2021
 
TOP OF THE 1ST
Ft. Worth Cattlemen batting - Pitching for Capital District Red Knights : RHP Héctor Alarcon
Pitching: RHP Héctor Alarcon
Batting: LHB Orlando Trevino 0-0: Ball
1-0: Ball
2-0: Ball
3-0: Base on Balls
Batting: RHB Alan Elder 0-0: Ball
1-0: Ball
2-0: Swinging Strike
2-1: Fly out, F7 (Flyball, 78XD)
Batting: RHB Bart Lewis 0-0: Ball
1-0: Foul Ball, location: 2F
1-1: Ball
2-1: Fly out, F8 (Flyball, 8RD)
Batting: LHB Ryan Westlake Pickoff Throw to First - Out!
Top of the 1st over - 0 run(s), 0 hit(s), 0 error(s), 0 left on base; Ft. Worth 0 - Capital District 0
BOTTOM OF THE 1ST
Capital District Red Knights batting - Pitching for Ft. Worth Cattlemen : LHP Bartolomeu Lio
Pitching: LHP Bartolomeu Lio
Batting: RHB Martin Young 0-0: Ball
1-0: Ball
2-0: Called Strike
2-1: Fly out, F7 (Line Drive, 7M)
Batting: RHB Dong-joon Ch'oe 0-0: Ball
1-0: Ball
2-0: Fly out, F7 (Flyball, 7LDF)
Batting: RHB Daniel Lallanilla 0-0: Ball
1-0: Ball
2-0: Foul Ball, location: 2F
2-1: Ground out 6-3 (Groundball, 6M)
Bottom of the 1st over - 0 run(s), 0 hit(s), 0 error(s), 0 left on base; Ft. Worth 0 - Capital District 0
TOP OF THE 2ND
Ft. Worth Cattlemen batting - Pitching for Capital District Red Knights : RHP Héctor Alarcon
Batting: LHB Ryan Westlake 0-0: Ball
1-0: Swinging Strike
1-1: Called Strike
1-2: Ball
2-2: Ground out U3 (Groundball, 3L)
Batting: RHB Joey Morgan 0-0: Foul Ball, location: 2F
0-1: Foul Ball, location: 2F
0-2: Strikes out swinging
Batting: SHB Eiji Suzuki 0-0: Ball
1-0: Called Strike
1-1: SINGLE (Line Drive, 34D)
Batting: LHB Toyokazu Asano 0-0: Ball
1-0: Ground out 6-3 (Groundball, 6)
Top of the 2nd over - 0 run(s), 1 hit(s), 0 error(s), 1 left on base; Ft. Worth 0 - Capital District 0
BOTTOM OF THE 2ND
Capital District Red Knights batting - Pitching for Ft. Worth Cattlemen : LHP Bartolomeu Lio
Batting: RHB Barry Dempsey 0-0: Ball
1-0: Ball
2-0: Called Strike
2-1: Ball
3-1: Base on Balls
Batting: RHB Chang-bum Pak 0-0: Ball
1-0: Called Strike
1-1: DOUBLE (Groundball, 5L)
Barry Dempsey to third
Batting: RHB Louis Henderson 0-0: Called Strike
0-1: Fly out, F8 (Flyball, 8RM)
Runner from 3rd tags up, SCORES, throw made
Batting: RHB Jorge Torrez 0-0: Ball
1-0: Ground out 6-3 (Groundball, 6)
Chang-bum Pak to third
Batting: RHB Lane Rich 0-0: Called Strike
0-1: DOUBLE (Line Drive, 3L)
Chang-bum Pak scores
Batting: RHB Manny Carbajal 0-0: Called Strike
0-1: Ball
1-1: Foul Ball, location: 2F
1-2: SINGLE (Groundball, 6)
Lane Rich to third
Runner from 3rd tries for Home, SAFE, no throw or cutoff
Batting: RHB Martin Young 0-0: Called Strike
0-1: Ball
1-1: Swinging Strike
1-2: Ball
2-2: Ball
Manny Carbajal steals 2nd base
3-2: Foul Ball, location: 2F
3-2: Ground out 5-3 (Groundball, 5L)
Bottom of the 2nd over - 3 run(s), 3 hit(s), 0 error(s), 1 left on base; Ft. Worth 0 - Capital District 3
TOP OF THE 3RD
Ft. Worth Cattlemen batting - Pitching for Capital District Red Knights : RHP Héctor Alarcon
Batting: RHB Jack Weber 0-0: Ground out 4-3 (Groundball, 4M)
Batting: RHB Kevin Howard 0-0: Ball
1-0: Ball
2-0: Called Strike
2-1: Called Strike
2-2: Foul Ball, location: 2F
2-2: Foul Ball, location: 2F
2-2: Fly out, F9 (Line Drive, 9S)
Batting: LHB Orlando Trevino 0-0: Ball
1-0: Called Strike
1-1: Foul Ball, location: 2F
1-2: Ball
2-2: Fly out, F7 (Line Drive, 78M)
Top of the 3rd over - 0 run(s), 0 hit(s), 0 error(s), 0 left on base; Ft. Worth 0 - Capital District 3
BOTTOM OF THE 3RD
Capital District Red Knights batting - Pitching for Ft. Worth Cattlemen : LHP Bartolomeu Lio
Batting: RHB Dong-joon Ch'oe 0-0: Ball
1-0: SINGLE (Line Drive, 56)
Batting: RHB Daniel Lallanilla 0-0: Foul Ball, location: 2F
0-1: Ball
Throwing error on steal attempt, E2
Dong-joon Ch'oe to third
1-1: Fly out, F7 (Line Drive, 7M)
Runner from 3rd tags up, SCORES, throw made
Batting: RHB Barry Dempsey 0-0: Ball
1-0: Called Strike
1-1: Ball
2-1: Fly out, F7 (Flyball, 78M)
Batting: RHB Chang-bum Pak 0-0: Ball
1-0: Ball
2-0: Ground out 6-3 (Groundball, 6)
Bottom of the 3rd over - 1 run(s), 1 hit(s), 1 error(s), 0 left on base; Ft. Worth 0 - Capital District 4
TOP OF THE 4TH
Ft. Worth Cattlemen batting - Pitching for Capital District Red Knights : RHP Héctor Alarcon
Batting: RHB Alan Elder 0-0: Ball
1-0: Called Strike
1-1: Called Strike
1-2: Strikes out swinging
Batting: RHB Bart Lewis 0-0: Foul Ball, location: 2F
0-1: Ball
1-1: Called Strike
1-2: Foul Ball, location: 2F
1-2: Ground out 4-3 (Groundball, 4M)
Batting: LHB Ryan Westlake 0-0: Ball
1-0: Fly out, F9 (Flyball, 9LD)
Top of the 4th over - 0 run(s), 0 hit(s), 0 error(s), 0 left on base; Ft. Worth 0 - Capital District 4
BOTTOM OF THE 4TH
Capital District Red Knights batting - Pitching for Ft. Worth Cattlemen : LHP Bartolomeu Lio
Batting: RHB Louis Henderson 0-0: Called Strike
0-1: Ball
1-1: Swinging Strike
1-2: Strikes out swinging
Batting: RHB Jorge Torrez 0-0: Ground out 4-3 (Groundball, 4)
Batting: RHB Lane Rich 0-0: Foul Ball, location: 2F
0-1: Ball
1-1: Fly out, F6 (Line Drive, 6)
Bottom of the 4th over - 0 run(s), 0 hit(s), 0 error(s), 0 left on base; Ft. Worth 0 - Capital District 4
TOP OF THE 5TH
Ft. Worth Cattlemen batting - Pitching for Capital District Red Knights : RHP Héctor Alarcon
Batting: RHB Joey Morgan 0-0: Ball
1-0: Called Strike
1-1: Ball
2-1: Foul Ball, location: 2F
2-2: Ball
3-2: Strikes out swinging
Batting: SHB Eiji Suzuki 0-0: Ball
1-0: Foul Ball, location: 2F
1-1: Ball
2-1: Foul Ball, location: 2F
2-2: Ground out 4-3 (Groundball, 4)
Batting: LHB Toyokazu Asano 0-0: Ball
1-0: Ball
2-0: Ball
3-0: Base on Balls
Batting: RHB Jack Weber 0-0: Swinging Strike
0-1: Called Strike
0-2: Ball
1-2: Strikes out swinging
Top of the 5th over - 0 run(s), 0 hit(s), 0 error(s), 1 left on base; Ft. Worth 0 - Capital District 4
BOTTOM OF THE 5TH
Capital District Red Knights batting - Pitching for Ft. Worth Cattlemen : LHP Bartolomeu Lio
Batting: RHB Manny Carbajal 0-0: Called Strike
0-1: Ball
1-1: SOLO HOME RUN (Flyball, 7LD), Distance : 318 ft
Batting: RHB Martin Young 0-0: Ball
1-0: Ball
2-0: Foul Ball, location: 2F
2-1: Ball
3-1: Foul Ball, location: 2F
3-2: Base on Balls
Batting: RHB Dong-joon Ch'oe 0-0: Called Strike
0-1: Ball
1-1: Swinging Strike
1-2: Ball
2-2: Fly out, F8 (Flyball, 8RD)
Batting: RHB Daniel Lallanilla 0-0: Ball
1-0: Ball
2-0: Grounds into double play, 6-4-3 (Groundball, 6)
Bottom of the 5th over - 1 run(s), 1 hit(s), 0 error(s), 0 left on base; Ft. Worth 0 - Capital District 5
TOP OF THE 6TH
Ft. Worth Cattlemen batting - Pitching for Capital District Red Knights : RHP Héctor Alarcon
Batting: RHB Kevin Howard 0-0: Called Strike
0-1: Swinging Strike
0-2: Ball
1-2: Foul Ball, location: 2F
1-2: Foul Ball, location: 2F
1-2: Strikes out swinging
Batting: LHB Orlando Trevino 0-0: Swinging Strike
0-1: Swinging Strike
0-2: Ball
1-2: Foul Ball, location: 2F
1-2: Fly out, F7 (Flyball, 78M)
Batting: RHB Alan Elder 0-0: Swinging Strike
0-1: Ball
1-1: Foul Ball, location: 2F
1-2: Ground out 4-3 (Groundball, 4MS)
Top of the 6th over - 0 run(s), 0 hit(s), 0 error(s), 0 left on base; Ft. Worth 0 - Capital District 5
BOTTOM OF THE 6TH
Capital District Red Knights batting - Pitching for Ft. Worth Cattlemen : LHP Bartolomeu Lio
Batting: RHB Barry Dempsey 0-0: Foul Ball, location: 2F
0-1: Foul Ball, location: 2F
0-2: Ball
1-2: Ball
2-2: Strikes out swinging
Batting: RHB Chang-bum Pak 0-0: Ball
1-0: Ground out 6-3 (Groundball, 6M)
Batting: RHB Louis Henderson 0-0: Ball
1-0: Ground out 4-3 (Groundball, 4M)
Bottom of the 6th over - 0 run(s), 0 hit(s), 0 error(s), 0 left on base; Ft. Worth 0 - Capital District 5
TOP OF THE 7TH
Ft. Worth Cattlemen batting - Pitching for Capital District Red Knights : RHP Héctor Alarcon
Batting: RHB Bart Lewis 0-0: Ball
1-0: Called Strike
1-1: Foul Ball, location: 2F
1-2: Ball
2-2: Ball
3-2: SINGLE (Groundball, 56)
Batting: LHB Ryan Westlake 0-0: Ball
1-0: Ball
2-0: Foul Ball, location: 2F
2-1: Ball
3-1: Base on Balls
Bart Lewis to second
Batting: RHB Joey Morgan 0-0: Called Strike
0-1: Swinging Strike
0-2: Grounds into double play, 5-4-3 (Groundball, 5)
Bart Lewis to third
Batting: SHB Eiji Suzuki 0-0: Ball
1-0: Ball
2-0: Ground out U3 (Groundball, 3)
Top of the 7th over - 0 run(s), 1 hit(s), 0 error(s), 1 left on base; Ft. Worth 0 - Capital District 5
BOTTOM OF THE 7TH
Capital District Red Knights batting - Pitching for Ft. Worth Cattlemen : LHP Bartolomeu Lio
Pitching: RHP Luis Ríos
Batting: RHB Jorge Torrez 0-0: Called Strike
0-1: Fly out, F9 (Line Drive, 9M)
Batting: RHB Lane Rich 0-0: Ball
1-0: Foul Ball, location: 2F
1-1: SINGLE (Line Drive, 9LS)
Batting: RHB Manny Carbajal 0-0: Foul Ball, location: 2F
0-1: Swinging Strike
0-2: Ball
1-2: SINGLE (Line Drive, 7LS)
Lane Rich to second
Batting: RHB Martin Young 0-0: Ball
1-0: Ball
2-0: Foul Ball, location: 2F
2-1: Ball
3-1: Foul Ball, location: 2F
3-2: Strikes out looking
Batting: RHB Dong-joon Ch'oe 0-0: Foul Ball, location: 2F
0-1: Ball
1-1: 3-RUN HOME RUN (Flyball, 7D), Distance : 366 ft
Batting: RHB Daniel Lallanilla 0-0: Ball
1-0: Ball
2-0: Ball
3-0: Base on Balls
Pitching: RHP Casey Bader
Batting: RHB Barry Dempsey 0-0: Ball
1-0: Ball
2-0: Ball
3-0: Base on Balls
Daniel Lallanilla to second
Batting: RHB Chang-bum Pak 0-0: Foul Ball, location: 2F
0-1: Ball
1-1: Ball
2-1: Ball
3-1: Fly out, F8 (Flyball, 8LM)
Bottom of the 7th over - 3 run(s), 3 hit(s), 0 error(s), 2 left on base; Ft. Worth 0 - Capital District 8
TOP OF THE 8TH
Ft. Worth Cattlemen batting - Pitching for Capital District Red Knights : RHP Héctor Alarcon
Batting: LHB Toyokazu Asano 0-0: Fly out, F4 (Popup, 8RS)
Batting: RHB Jack Weber 0-0: Ground out 6-3 (Groundball, 6)
Batting: RHB Kevin Howard 0-0: Called Strike
0-1: Ball
1-1: Foul Ball, location: 2F
1-2: Strikes out swinging
Top of the 8th over - 0 run(s), 0 hit(s), 0 error(s), 0 left on base; Ft. Worth 0 - Capital District 8
BOTTOM OF THE 8TH
Capital District Red Knights batting - Pitching for Ft. Worth Cattlemen : RHP Casey Bader
Pinch Hitting: LHB Theodore Shaw 0-0: Swinging Strike
0-1: Ball
1-1: Swinging Strike
1-2: Strikes out swinging
Batting: RHB Jorge Torrez 0-0: Called Strike
0-1: Ball
1-1: Ball
2-1: Ball
3-1: Base on Balls
Batting: RHB Lane Rich 0-0: Ball
1-0: Ball
2-0: Ball
3-0: Base on Balls
Jorge Torrez to second
Batting: RHB Manny Carbajal 0-0: Grounds into double play, 6-4-3 (Groundball, 6)
Bottom of the 8th over - 0 run(s), 0 hit(s), 0 error(s), 1 left on base; Ft. Worth 0 - Capital District 8
TOP OF THE 9TH
Ft. Worth Cattlemen batting - Pitching for Capital District Red Knights : RHP Héctor Alarcon
Now in RF: Theodore Shaw
Batting: LHB Orlando Trevino 0-0: Bunt missed!
0-1: Ball
1-1: Ball
2-1: Foul Ball, location: 2F
2-2: Foul Ball, location: 2F
2-2: Strikes out swinging
Batting: RHB Alan Elder 0-0: Called Strike
0-1: Ground out 6-3 (Groundball, 6MS)
Batting: RHB Bart Lewis 0-0: Called Strike
0-1: Ball
1-1: Ball
2-1: Called Strike
2-2: Ball
3-2: Foul Ball, location: 2F
3-2: Foul Ball, location: 2F
3-2: Fly out, F9 (Popup, 4D)
Top of the 9th over - 0 run(s), 0 hit(s), 0 error(s), 0 left on base; Ft. Worth 0 - Capital District 8
This league is powered by Out of the Park Baseball, the baseball management simulation game for PC, Mac and Linux
Friday, January 22nd, 2016 - OOTP Baseball 16.9 Build 39